 Dungeon Crawl Stone Soup version 0.31-a0-1529-g7bd419a0e5 (webtiles) character file.

Game seed: 9969349127536186178

203 jestert79 the Chopper (level 5, -10/45 HPs)
             Began as a Draconian Chaos Knight on Dec 31, 2023.
             Was a Plaything of Xom.
             Blown up by Ijyb (19 damage)
             ... with a mindburst bolt
             ... on level 3 of the Dungeon.
             The game lasted 00:05:14 (2198 turns).

jestert79 the Chopper (Draconian Chaos Knight)      Turns: 2198, Time: 00:05:15

Health: -10/45     AC:  5    Str: 16    XL:     5   Next: 51%
Magic:  5/5        EV: 12    Int: 12    God:    Xom [.*....]
Gold:   46         SH:  0    Dex: 11    Spells: 4/4 levels left

rFire   . . .        a - +0 hand axe (chaos)
rCold   . . .        (no shield)
rNeg    . . .        (body armour unavailable)
rPois   .            (helmet restricted)
rElec   .            (no cloak)
rCorr   .            (no gloves)
SInv    .            (no boots)
Will    .....        (no amulet)
Stlth   +            (no ring)
HPRegen 0.27/turn    (no ring)
MPRegen 0.09/turn

%: no passive effects
@: no status effects
A: AC +5, unfitting armour, cold-blooded
a: Renounce Religion


You were on level 3 of the Dungeon.
You worshipped Xom.
You were a plaything of Xom.
You visited 1 branch of the dungeon, and saw 3 of its levels.

You collected 46 gold pieces.

Inventory:

Hand Weapons
 a - a +0 hand axe of chaos (weapon)
 j - a +0 arbalest
Missiles
 h - 2 datura-tipped darts
 i - 2 atropa-tipped darts (quivered)
Jewellery
 m - a ring of ice
Scrolls
 b - a scroll of butterflies
 e - a scroll of revelation {unknown}
 g - a scroll of fog {unknown}
 k - a scroll of vulnerability {unknown}
 l - a scroll of poison {unknown}
Potions
 c - a potion of haste {unknown}
 d - 2 potions of lignification {unknown}
 f - a potion of enlightenment {unknown}


   Skills:
 - Level 3.2 Fighting
 + Level 6.3 Axes
 - Level 2.1 Dodging


You had 4 spell levels left.
You didn't know any spells.
Your spell library was empty.

Dungeon Overview and Level Annotations

Branches:
Dungeon (3/15)

Altars:
Gozag

Annotations:
D:3 Ijyb


Innate Abilities, Weirdness & Mutations

Your plain brown scales are hard. (AC +5)
You cannot fit into any form of body armour.
You are cold-blooded and may be slowed by cold attacks.


Message History

You hit Ijyb but do no damage.
Ijyb blinks!
You hit Ijyb but do no damage. Ijyb completely misses you.
The +4 spectral club hits you.
A +4 spectral club comes into view.
You hit Ijyb but do no damage.
You hit the +4 spectral club but do no damage.
Ijyb barely misses you.
The +4 spectral club hits you but does no damage.
Unknown command.
Throw: 4 darts (atropa)
Press: ? - help, Q - select action, (/) - cycle Shift-Dir - straight line, f - Ijyb
Aim: Ijyb, wielding a +4 spectral club, wearing a +0 chain mail and carrying a wand of mindburst (52% to hit, chance to blind on hit: 75%)
You throw an atropa-tipped dart. The atropa-tipped dart hits Ijyb.
Ijyb appears confused.
The +4 spectral club hits you!
Throw: 3 darts (atropa)
Press: ? - help, Q - select action, (/) - cycle Shift-Dir - straight line, f/p - Ijyb
Aim: Ijyb, wielding a +4 spectral club, wearing a +0 chain mail and carrying a wand of mindburst (confused, blind, unable to see you, 74% to hit, chance to blind on hit: 75%)
You throw an atropa-tipped dart. The atropa-tipped dart hits Ijyb.
Ijyb resists.
Ijyb seems less confused.
The +4 spectral club hits you.
The +4 spectral club disappears.
Ijyb barely misses you.
The +4 spectral club hits you but does no damage.
A +4 spectral club comes into view.
Unknown command.
You completely miss Ijyb.
You hit the +4 spectral club but do no damage.
Ijyb closely misses you. The +4 spectral club hits you.
You closely miss Ijyb. You tail-slap Ijyb, but do no damage.
You closely miss the +4 spectral club.
Ijyb zaps a wand.
Your mind is blasted!
* * * LOW HITPOINT WARNING * * *
Xom is amused.
Unknown command.
You catch the helpless Ijyb completely off-guard!
You hit Ijyb but do no damage. You hit the +4 spectral club.
The +4 spectral club becomes as fragile as glass!
Ijyb is no longer blind.
The +4 spectral club disappears.
Ijyb zaps a wand.
Your mind is blasted!
You die...
Xom chuckles heartily!

......##. .........
........ ### ....... ..
... ....>.# #.## #.#
......###.##.###.#
........#.# ....##
#.........### #.g.#
#.#..###....####@(###...
........................
#.###...#........##.....
#.# ###.#....##.........
#.# #..........###..#.
#.### #.......#.......#
....###.#.............
.....##.#...#.......##
###†.#..#...###.#.....


You could see Ijyb.

Vanquished Creatures
  A bombardier beetle (D:3)
  Terence (D:2)
  Natasha (thrice) (D:2)
  Robin (D:2)
  A gnoll (D:1)
  2 ball pythons
  9 bats
  5 endoplasms
  8 goblins
  10 hobgoblins
  2 quokkas (D:1)
  4 kobolds
  3 rats (D:1)
50 creatures vanquished.

Notes
Turn   | Place    | Note
-------+----------+-------------------------------------------
     0 | D:1      | jestert79 the Draconian Chaos Knight began the quest for
                  | the Orb.
     0 | D:1      | Reached XP level 1. HP: 19/19 MP: 1/1
    25 | D:1      | XOM: butterfly on damage
   424 | D:1      | Reached XP level 2. HP: 26/26 MP: 2/2
   590 | D:1      | XOM: confuse monster(s)
   697 | D:1      | Reached skill level 4 in Axes
   885 | D:1      | Reached XP level 3. HP: 10/31 MP: 3/3
  1374 | D:2      | Noticed Terence
  1374 | D:2      | XOM: 10-stop teleportation journey
  1380 | D:2      | XOM: confuse monster(s)
  1556 | D:2      | Noticed Robin
  1733 | D:2      | Noticed Natasha
  1738 | D:2      | Killed Natasha
  1739 | D:2      | Reached skill level 5 in Axes
  1739 | D:2      | Reached XP level 4. HP: 38/38 MP: 4/4
  1765 | D:2      | Killed Robin
  1816 | D:2      | Noticed Natasha
  1823 | D:2      | Killed Natasha
  1847 | D:2      | XOM: 8-stop teleportation journey
  1852 | D:2      | Noticed Natasha
  1863 | D:2      | Killed Natasha
  1864 | D:2      | Reached XP level 5. HP: 41/45 MP: 5/5
  1881 | D:2      | Found an opulent altar of Gozag.
  2036 | D:2      | XOM: summons friendly crimson imp
  2051 | D:2      | Killed Terence
  2052 | D:2      | Reached skill level 6 in Axes
  2186 | D:3      | Noticed Ijyb
  2198 | D:3      | Blown up by Ijyb

Illustrated notes

Levels and vault maps discovered:
D:1:      minmay_arrival_up_and_down, layout_basic
D:2:      layout_basic, basic_altar, uniq_natasha, uniq_robin, uniq_terence
D:3:      layout_rooms, amcnicky_altar_gilded, nzn_hepliaklqana_mist_gate,
          uniq_ijyb, uniq_sigmund

Skill      XL: |  1  2  3  4  5 |
---------------+----------------+-----
Axes           | 4 5 6 |  6.3
Fighting       | |  3.2
Dodging        | |  2.1

Action                     |  1- 3 |  4- 6 || total
---------------------------+-------+-------++-------
  Melee: Hand axe          |   110 |    45 ||   155
         Tailslap          |     9 |     8 ||    17
         Punch             |     3 |     1 ||     4
  Throw: Dart              |       |     4 ||     4
   Stab: Sleeping          |     2 |       ||     2
         Invisible         |       |     1 ||     1
 Armour: Skin              |    61 |    25 ||    86
  Dodge: Dodged            |    75 |    24 ||    99

Table legend: (Time is in decaauts)
 A = Elapsed time spent in this place.
 B = Non-inter-level travel time spent in this place.
 C = Inter-level travel time spent in this place.
 D = Time resting spent in this place.
 E = Time spent auto-exploring this place.
 F = Levels seen in this place.
 G = Mean time per level.
                   A        B        C        D        E       F      G
               +--------+--------+--------+--------+--------+-----+--------+
         Total |   2213 |   2109 |    104 |    351 |   1219 |   3 |  737.7 |
       Dungeon |   2213 |   2109 |    104 |    351 |   1219 |   3 |  737.7 |
               +--------+--------+--------+--------+--------+-----+--------+

Top non-repeatable levels by time:
     D:1: 1424 daAuts
     D:2: 704 daAuts
     D:3: 85 daAuts
